 Dungeon Crawl Stone Soup version 0.24.1-8-ga250c9d538 (webtiles) character file.

Game seed: 12315902580152518997, levelgen mode: deterministic

172 Atelerd the Conjurer (level 5, -1/32 HPs)
             Began as an Octopode Conjurer on Apr 24, 2020.
             Succumbed to Crazy Yiuf's poison
             ... on level 2 of the Dungeon on Apr 27, 2020.
             The game lasted 00:06:05 (2601 turns).

Atelerd the Conjurer (Octopode Conjurer)            Turns: 2601, Time: 00:06:06

Health: -1/32      AC:  3    Str:  7    XL:     5   Next: 52%
Magic:  2/10       EV: 19    Int: 19    God:
Gold:   97         SH:  0    Dex: 17    Spells: 2/11 levels left

rFire    . . .     SeeInvis .   i - +0 dagger
rCold    . . .     Gourm    .   (no shield)
rNeg     . . .     Faith    .   o - +2 hat
rPois    .         Spirit   .   (no amulet)
rElec    .         Reflect  .   (no ring)
rCorr    .         Harm     .   (no ring)
MR       .....                  (no ring)
Stlth    +++++.....             (no ring)
HPRegen  0.10/turn              (no ring)
MPRegen  0.12/turn              (no ring)
                                (no ring)
                                (no ring)

@: agile, lethally poisoned (-1 -> -21)
A: almost no armour, stealthy swim, amphibious, 8 rings, constrict 8, camouflage
1, gelatinous body 1
a: no special abilities


You were on level 2 of the Dungeon.
You were not hungry.

You visited 1 branch of the dungeon, and saw 3 of its levels.

You collected 97 gold pieces.

Inventory:

Hand Weapons
 i - a +0 dagger (weapon)
Armour
 o - a +2 hat (worn)
Scrolls
 c - a scroll of remove curse {unknown}
 e - 2 scrolls of fog {unknown}
 h - 5 scrolls of identify {unknown}
 l - a scroll of enchant armour {unknown}
 m - a scroll of magic mapping {unknown}
 n - a scroll of amnesia {unknown}
 p - a scroll of enchant weapon {unknown}
 q - 2 scrolls of teleportation {unknown}
 r - a scroll of fear {unknown}
 t - a scroll of random uselessness {unknown}
Potions
 a - a potion of curing {unknown}
 d - a potion of degeneration {unknown}
 f - a potion of haste {unknown}
 g - a potion of agility
 j - a potion of invisibility {unknown}
 k - 2 potions of heal wounds {unknown}
 s - a potion of lignification {unknown}
 u - a potion of ambrosia {unknown}
Comestibles
 b - 5 rations
 v - a chunk of flesh


   Skills:
 - Level 0.4 Fighting
 - Level 2.3 Dodging
 + Level 4.2 Stealth
 * Level 3.5 Spellcasting
 + Level 4.7 Conjurations
 * Level 0.8 Translocations


You had 2 spell levels left.
You knew the following spells:

 Your Spells              Type           Power        Failure   Level  Hunger
a - Magic Dart            Conj           ###.         1%          1    None
b - Iskenderun's Mystic   Conj           ###.....     21%         4    ####...
c - Force Lance           Conj/Tloc      ##......     41%         4    ####...

Your spell library contained the following spells:

 Spells                   Type           Power        Failure   Level  Hunger
 Searing Ray              Conj           ###...       3%          2    ##.....
 Dazzling Spray           Conj/Hex       ##....       16%         3    ###....
 Fulminant Prism          Conj/Hex       ##........   47%         4    ####...


Dungeon Overview and Level Annotations

Branches:
Dungeon (3/15)

Altars:

Annotations:
D:2 Crazy Yiuf, Natasha


Innate Abilities, Weirdness & Mutations

You cannot wear most types of armour.
You are very stealthy in the water. (Stealth+)
You are amphibious.
You can wear up to eight rings at the same time.
You can use your tentacles to constrict eight enemies at once.
Your skin changes colour to match your surroundings (Stealth+).
Your rubbery body absorbs attacks. (AC +1, EV +1)


Message History

Aim: Crazy Yiuf, wielding a +4 quarterstaff of chaos and wearing a cursed +0 cloak The orb of energy hits Crazy Yiuf!
Crazy Yiuf is severely wounded.
The orb of energy explodes!
Crazy Yiuf hits you with a +4 quarterstaff of chaos!
You are lethally poisoned!
Casting: Iskenderun's Mystic Blast (slightly dangerous; 21% risk of failure)
Confirm with . or Enter, or press ? or * to list all spells.
Aiming: Iskenderun's Mystic Blast (slightly dangerous; 21% risk of failure)
Press: ? - help, Shift-Dir - straight line, f/p - Crazy Yiuf
Aim: Crazy Yiuf, wielding a +4 quarterstaff of chaos and wearing a cursed +0 cloak (severely wounded)
The orb of energy hits Crazy Yiuf!
Crazy Yiuf is almost dead.
The orb of energy explodes!
You feel sick.
Crazy Yiuf grits, "Snower!
Lay senile eyeball."
Crazy Yiuf hits you with a +4 quarterstaff of chaos!
* * * LOW HITPOINT WARNING * * *
It was a potion of agility.
You feel agile all of a sudden.
You die...

### ♣♣.♣ .# #. #.. .>#
♣♣.♣♣ #.# #. #.# #.#
♣♣...♣ #.# #.####.###.#
♣....♣ #.# #........#.#
#....# #.#
####........#.##
##..####.#
...............# #...#
#..#
#........#.#####.####..###
##.......@.....#........[.
###.#.#.g####.###.##.##.#
#########...#.#
#...##÷##...#.
....#.###.##.#
#.#.##.#####.#
.......##.##.###.#.##.# #
##.....#.##.....#....#
#............#######.# .#
######..............#. ..#
#.#
#.....#...##.######.#.....
..#


You could see Crazy Yiuf.

Vanquished Creatures
  Jessica (D:2)
  Natasha (twice) (D:2)
  3 gnolls (D:3)
  3 adders
  2 oozes
  2 dart slugs (D:1)
  2 giant cockroaches
  2 hobgoblins
  3 kobolds
  A ball python (D:3)
  3 bats
  2 frilled lizards (D:1)
  6 goblins
  4 rats
36 creatures vanquished.

Notes
Turn   | Place    | Note
-------+----------+-------------------------------------------
     0 | D:1      | Atelerd the Octopode Conjurer began the quest for the Orb.
     0 | D:1      | Reached XP level 1. HP: 11/11 MP: 3/3
    95 | D:1      | Upgraded the game from 0.24.1-5-g77f818bfca to
                  | 0.24.1-8-ga250c9d538
   249 | D:1      | Reached XP level 2. HP: 17/17 MP: 5/5
   976 | D:2      | Reached XP level 3. HP: 20/22 MP: 0/6
  1042 | D:2      | Noticed Natasha
  1048 | D:2      | Killed Natasha
  1072 | D:2      | Noticed Natasha
  1084 | D:2      | Killed Natasha
  1084 | D:2      | Reached XP level 4. HP: 7/27 MP: 1/8
  1313 | D:2      | Noticed Natasha
  1473 | D:2      | Noticed Jessica
  1485 | D:2      | Killed Jessica
  1566 | D:2      | Found a runed translucent door.
  1567 | D:2      | Noticed Crazy Yiuf
  1666 | D:3      | Reached XP level 5. HP: 22/32 MP: 4/10
  1682 | D:3      | Learned a level 4 spell: Iskenderun's Mystic Blast
  1687 | D:3      | Learned a level 4 spell: Force Lance
  2600 | D:2      | HP: 1/32 [Crazy Yiuf/+4 quarterstaff of chaos (14)]
  2601 | D:2      | Succumbed to Crazy Yiuf's poison

Levels and vault maps discovered:
D:1:      mrwooster_arrival_statue, layout_basic
D:2:      minmay_chambers_of_twos, layout_loops_ring, first_ration,
          uniq_jessica, uniq_crazy_yiuf_cottage, uniq_natasha
D:3:      layout_basic

Skill      XL: |  1  2  3  4 |
---------------+-------------+-----
Stealth        | 3 4 |  4.2
Spellcasting   | 3 |  3.5
Fighting       | |  0.4
Dodging        | |  2.3
Conjurations   | |  4.7
Translocations | |  0.8

Action                   |  1- 3 |  4- 6 || total
-------------------------+-------+-------++-------
Melee: Dagger            |    22 |    13 ||    35
       Constrict         |    10 |     4 ||    14
       Tentacles         |     6 |     2 ||     8
       Unarmed           |     1 |       ||     1
 Cast: Magic Dart        |    25 |    29 ||    54
       Iskenderun's Myst |       |     4 ||     4
  Use: Potion            |       |     1 ||     1
 Stab: Sleeping          |     6 |     6 ||    12
  Eat: Chunk             |       |     6 ||     6
Armor: Skin              |     2 |       ||     2
Dodge: Dodged            |    13 |     6 ||    19
